 Dungeon Crawl Stone Soup version 0.31-a0-229-g1fc7ce93e2 (webtiles) character file.

Game seed: 15076170368205946673

53 qw the Shooter (level 3, 0/21 HPs)
             Began as a Gargoyle Hexslinger on July 6, 2023.
             Slain by a gnoll
             ... wielding a +0 club
              (5 damage)
             ... on level 3 of the Dungeon.
             The game lasted 00:00:36 (1387 turns).

qw the Shooter (Gargoyle Hexslinger)                Turns: 1387, Time: 00:00:36

Health: 0/21       AC:  8    Str: 11    XL:     3   Next: 89%
Magic:  4/4        EV: 10    Int: 13    God:
Gold:   109        SH:  5    Dex: 14    Spells: 3/4 levels left

rFire   . . .        Y - +1 sling (freeze)
rCold   . . .        (no shield)
rNeg    + . .        f - +0 ring mail
rPois   inf          (no helmet)
rElec   +            (no cloak)
rCorr   .            (no gloves)
SInv    .            (no boots)
Will    .....        e - amulet of reflection
Stlth   +            (no ring)
HPRegen 0.23/turn    (no ring)
MPRegen 0.09/turn

%: reflection
@: no status effects
A: sickness immunity, AC +3, negative energy resistance 1, electricity
resistance, torment resistance 1, petrification resistance
a: no special abilities


You were on level 3 of the Dungeon.
You visited 1 branch of the dungeon, and saw 3 of its levels.

You collected 109 gold pieces.


Innate Abilities, Weirdness & Mutations

You are immune to sickness and miasma.
Your stone body is resilient. (AC +3)
You are immune to poison.
You resist negative energy. (rN+)
You are resistant to electric shocks. (rElec)
You are resistant to unholy torment.
You are immune to petrification.


   Skills:
 - Level 2.3 Fighting
 + Level 3.5 Ranged Weapons
 - Level 1.5 Dodging
 - Level 1.0 Spellcasting
 - Level 2.6 Hexes


You had 3 spell levels left.
You knew the following spells:

 Your Spells              Type           Power      Damage    Failure   Level
a - Slow                  Hex            28%        N/A       22%         1

Your spell library contained the following spells:

 Spells                   Type           Power      Damage    Failure   Level
 Inner Flame              Hex/Fire       4%         N/A       75%         3
 Portal Projectile        Hex/Tloc       8%         N/A       75%         3
 Cause Fear               Hex            3%         N/A       92%         4

Inventory:

Hand Weapons
 Y - a +1 sling of freezing (weapon)
Armour
 f - a +0 ring mail (worn)
Jewellery
 e - an amulet of reflection (around neck)
Scrolls
 a - a scroll of identify
 b - a scroll of teleportation {unknown}
Potions
 g - a potion of enlightenment
 h - a potion of might
 i - a potion of curing {unknown}

Dungeon Overview and Level Annotations

Branches:
Dungeon (3/15)

Altars:


Message History

The sling bullet hits the hobgoblin but does no damage.
The hobgoblin is almost dead.
You hear a shout!
You block the hobgoblin's attack.
You shoot a sling bullet.
The sling bullet barely misses the hobgoblin.
The hobgoblin hits you but does no damage.
A quokka comes into view.
You block the hobgoblin's attack.
You shoot a sling bullet.
The sling bullet completely misses the hobgoblin.
The hobgoblin closely misses you. The quokka bites you.
You shoot a sling bullet. The sling bullet hits the hobgoblin.
The sling bullet freezes the hobgoblin.
You kill the hobgoblin!
A gnoll comes into view. It is wielding a +0 halberd.
The quokka bites you but does no damage.
The gnoll moves out of view.
You shoot a sling bullet.
The sling bullet barely misses the gnoll.
The quokka barely misses you. The gnoll hits you with a +0 club.
The quokka bites you but does no damage.
You shoot a sling bullet. The sling bullet hits the gnoll.
The sling bullet freezes the gnoll.
The gnoll is severely wounded.
The gnoll closely misses you.
The quokka bites you but does no damage.
The gnoll hits you but does no damage. The quokka bites you.
You shoot a sling bullet.
The sling bullet completely misses the gnoll.
The quokka barely misses you. The gnoll hits you with a +0 club.
You shoot a sling bullet.
The sling bullet hits the gnoll but does no damage.
The gnoll is severely wounded.
You block the quokka's attack. The gnoll hits you with a +0 club!
The quokka bites you.
You shoot a sling bullet.
The sling bullet completely misses the gnoll.
The gnoll hits you with a +0 club.
You die...

#.# #.# ##### ..#
#.#####...### ...
77........... ....
77##.#..##.##.....
7.##..# .#....# ~
7~....# g...###
~P~~P~777..###ggg.~~~
....~~~~7..##@#
............r##
.....~......##
~~..~.7.......
~~~~PP~..###....
~~~... ...... P~#...
...... ~~#.#. ......
.. ##....


You could see 4 gnolls and a quokka.

Vanquished Creatures
  An adder (D:2)
  A dart slug (D:2)
  2 ball pythons (D:3)
  2 endoplasms
  A giant cockroach (D:1)
  2 goblins
  5 hobgoblins
  2 jackals (D:2)
  6 kobolds
  6 quokkas
  6 bats
  A frilled lizard (D:1)
  2 rats (D:1)
37 creatures vanquished.

Notes
Turn   | Place    | Note
-------+----------+-------------------------------------------
     0 | D:1      | qw the Gargoyle Hexslinger began the quest for the Orb.
     0 | D:1      | Reached XP level 1. HP: 12/12 MP: 2/2
     0 | D:1      | 0 ||| qw: Version: 0.3-a-46-gb1f654a
     0 | D:1      | 0 ||| qw: Game counter: 1432
     0 | D:1      | 0 ||| qw: Melee chars always use a shield: true
     0 | D:1      | 0 ||| qw: God list: Okawaru
     0 | D:1      | 0 ||| qw: Allow faded altars: false
     0 | D:1      | 0 ||| qw: Do Orc after clearing Dungeon:15 true
     0 | D:1      | 0 ||| qw: Do second Lair branch before Depths: true
     0 | D:1      | 0 ||| qw: Lair rune preference: random
     0 | D:1      | 0 ||| qw: Goals: Normal
     0 | D:1      | 0 ||| PLANNING D:1-11
   156 | D:1      | Reached XP level 2. HP: 16/16 MP: 3/3
   266 | D:1      | Reached skill level 3 in Ranged Weapons
   396 | D:1      | Found a faded altar of an unknown god.
   570 | D:1      | 570 ||| READING 3 scrolls labelled XEOJAMUNUO.
   571 | D:1      | 571 ||| READING scroll labelled JUSTROSKENKY.
   572 | D:1      | 572 ||| READING scroll labelled XAIKLAR DEZOG.
   573 | D:1      | 573 ||| READING 2 scrolls of identify.
   573 | D:1      | 573 ||| IDENTIFYING bubbling dark potion
   574 | D:1      | 574 ||| DROPPING scroll of poison.
   575 | D:1      | 575 ||| DROPPING potion of lignification.
   634 | D:2      | Reached XP level 3. HP: 19/21 MP: 4/4
   725 | D:2      | 725 ||| FLEEEEING.
   730 | D:2      | 730 ||| FLEEEEING.
   731 | D:2      | 731 ||| FLEEEEING.
   732 | D:2      | 732 ||| FLEEEEING.
   733 | D:2      | 733 ||| FLEEEEING.
  1234 | D:2      | 1234 ||| UPGRADING to +0 leather armour.
  1244 | D:2      | 1244 ||| DROPPING +0 robe.
  1245 | D:2      | 1245 ||| UPGRADING to +0 ring mail.
  1255 | D:2      | 1255 ||| DROPPING +0 leather armour.
  1256 | D:2      | 1256 ||| UPGRADING to amulet of reflection.
  1261 | D:2      | 1261 ||| READING scroll labelled REPAEHECKAMOH.
  1262 | D:2      | 1262 ||| READING scroll labelled JOEXTU LUUFFI.
  1263 | D:2      | 1263 ||| READING 3 scrolls of identify.
  1263 | D:2      | 1263 ||| IDENTIFYING white potion
  1264 | D:2      | 1264 ||| READING 2 scrolls of identify.
  1264 | D:2      | 1264 ||| IDENTIFYING lumpy coppery potion
  1386 | D:3      | HP: 5/21 [quokka (4)]
  1387 | D:3      | Slain by a gnoll

Levels and vault maps discovered:
D:1:      lightli_arrival_boilingwater, layout_basic,
          shapermc_ecumenical_altar_flowoftime, st_stairs_13,
          dreamdust_mushroom_princess
D:2:      layout_loops_ring
D:3:      layout_loops_cross, serial_bayou, serial_bayou_lake_a,
          serial_bayou_ford_a, serial_bayou_crossing, serial_bayou_shore_a

Skill      XL: |  1  2 |
---------------+-------+-----
Ranged Weapons | 3 |  3.5
Fighting       | 2 |  2.3
Dodging        | |  1.5
Spellcasting   | |  1.0
Hexes          | |  2.6

Action                     || total
---------------------------++-------
   Fire: Sling             ||   119
    Use: Scroll            ||     8
 Armour: Robe              ||    21
         Ring mail         ||    12
  Dodge: Dodged            ||    42
  Block: Other             ||     9

Table legend:
 A = Non-vault XP
 B = Vault XP
 C = Vault XP percentage of total XP
 D = Non-vault monster count
 E = Vault monster count
 F = Vault count percentage of total count
                 A         B        C        D         E       F
            +---------+---------+-------+---------+---------+-------
      Total |      75 |       2 |   2.6 |      36 |       1 |   2.7
            +---------+---------+-------+---------+---------+-------
        D:1 |      30 |       2 |   6.2 |      19 |       1 |   5.0
        D:2 |      35 |       0 |   0.0 |      12 |       0 |   0.0
        D:3 |      10 |       0 |   0.0 |       5 |       0 |   0.0
            +---------+---------+-------+---------+---------+-------
